 Dungeon Crawl Stone Soup version 0.30.0-29-ga12c61a403 (webtiles) character file.

Game seed: 16148820007318024783

254 Descartes the Shield-Bearer (level 6, -4/43 (48) HPs)
             Began as a Formicid Fighter on June 14, 2023.
             Killed by nerve-wracking pain
             ... invoked by an orc priest
              (13 damage)
             ... on level 3 of the Dungeon.
             The game lasted 00:04:52 (1934 turns).

Descartes the Shield-Bearer (Formicid Fighter)      Turns: 1934, Time: 00:04:53

HP:   -4/43 (48)    AC: 13    Str: 22    XL:     6   Next: 38%
MP:   8/8           EV:  6    Int:  8    God:
Gold: 110           SH:  5    Dex: 13    Spells: 8/8 levels left

rFire   . . .        q - +0 battleaxe
rCold   . . .        c - +0 buckler
rNeg    . . .        o - +0 plate armour
rPois   .            (helmet unavailable)
rElec   .            (no cloak)
rCorr   .            (no gloves)
SInv    +            m - +0 pair of boots
Will    .....        e - amulet of the acrobat Stlth
                     (no ring)
HPRegen 0.27/turn    (no ring)
MPRegen 0.11/turn

%: acrobat
@: heavily drained
A: permanent stasis, dig shafts and tunnels, antennae 3, four strong arms
a: Dig, Shaft Self


You were on level 3 of the Dungeon.
You visited 1 branch of the dungeon, and saw 3 of its levels.

You collected 110 gold pieces.

Inventory:

Hand Weapons
 a - a +0 war axe
 q - a +0 battleaxe (weapon)
Missiles
 l - 4 poisoned darts
 t - 2 atropa-tipped darts
Armour
 b - a +0 scale mail
 c - a +0 buckler (worn)
 m - a +0 pair of boots (worn)
 o - a +0 plate armour (worn)
Jewellery
 e - an amulet of the acrobat (around neck)
Scrolls
 f - a scroll of enchant weapon {unknown}
 g - a scroll of teleportation {unknown}
 k - a scroll of immolation {unknown}
 n - a scroll of amnesia {unknown}
 p - a scroll of torment {unknown}
 r - a scroll of silence {unknown}
 s - a scroll of blinking {unknown}
Potions
 d - a potion of might
 h - a potion of heal wounds {unknown}
 i - a potion of cancellation {unknown}
 j - a potion of degeneration {unknown}


   Skills:
 + Level 4.0 Fighting
 + Level 3.0 Axes
 + Level 4.2 Armour
 + Level 5.0 Shields
 + Level 1.6 Spellcasting
 + Level 1.8 Translocations
 + Level 2.1 Evocations


You had 8 spell levels left.
You didn't know any spells.
Your spell library contained the following spells:

 Spells                   Type           Power      Damage    Failure   Level
 Cigotuvi's Dreadful Rot  Necr/Pois/Air  0%         N/A       100%        2
 Static Discharge         Conj/Air       0%         2-2/arc   100%        2
 Airstrike                Air            0%         2d(0-16)  100%        4
 Dispel Undead            Necr           0%         3d6       100%        4
 Summon Lightning Spire   Summ/Air       0%         N/A       100%        4
 Death Channel            Necr           0%         N/A       100%        6


Dungeon Overview and Level Annotations

Branches:
Dungeon (3/15)

Altars:


Innate Abilities, Weirdness & Mutations

You cannot be hasted, slowed, berserked, paralysed or teleported.
You can dig through walls and to a lower floor.
You have a pair of large antennae on your head. (SInv)
Your four strong arms can wield two-handed weapons with a shield.


Message History

The orc wizard hits you but does no damage.
Unknown command.
You closely miss the orc wizard.
The orc wizard is severely wounded.
The orc wizard barely misses you.
The orc wizard points at you and mumbles some strange words.
The puff of flame hits you.
* * * LOW HITPOINT WARNING * * *
You barely miss the orc wizard.
The orc wizard is severely wounded.
The orc wizard hits you but does no damage. x2
You completely miss the orc wizard.
The orc wizard is severely wounded.
You block the orc wizard's attack.
Unknown command.
You closely miss the orc wizard.
The orc wizard is severely wounded.
The orc wizard gestures wildly while chanting.
The orc wizard flickers and vanishes for a moment.
The orc wizard gestures at you while chanting.
You resist with some effort.
You slash the orc wizard!
You kill the orc wizard!
Your Fighting skill increases to level 4!
You barely miss the orc. You block the orc's attack.
The orc hits you but does no damage.
The orc priest hits you but does no damage.
You slash the orc!
You kill the orc!
The orc priest hits you but does no damage.
The orc priest hits you from afar with a +0 trident.
* * * LOW HITPOINT WARNING * * *
Your Shields skill increases to level 5!
The orc priest closely misses you.
Things that are here:
a +0 short sword; a +0 dagger; a +0 robe You barely miss the orc priest.
The orc priest mumbles some strange prayers to Beogh against you.
Pain shoots through your body!
You die...

.....#†.......
......†.......
....#..#######
....##....#
....#####.#
#########.#####
#.......)...####
#...........##.#
#............#@#
#..........{#o##
#.........#####
#..........###
.............###
.....)....##o..#
.........####.#
........#
#.#######.#
.....(..#
#..#......#


You could see an orc priest.

Vanquished Creatures
  A black bear (D:3)
  An orc wizard (D:3)
  4 gnolls (D:2)
  3 adders (D:2)
  4 dart slugs
  3 orcs (D:3)
  6 endoplasms
  A giant cockroach (D:1)
  7 goblins
  6 hobgoblins
  8 jackals
  5 kobolds
  4 quokkas
  8 bats
  3 frilled lizards
  2 rats (D:2)
66 creatures vanquished.

Notes
Turn   | Place    | Note
-------+----------+-------------------------------------------
     0 | D:1      | Descartes the Formicid Fighter began the quest for the Orb.
     0 | D:1      | Reached XP level 1. HP: 18/18 MP: 1/1
   144 | D:1      | Reached XP level 2. HP: 22/24 MP: 2/2
   301 | D:1      | Reached XP level 3. HP: 29/29 MP: 3/3
   871 | D:2      | Reached skill level 1 in Translocations
   943 | D:2      | Reached skill level 1 in Evocations
   950 | D:2      | Reached XP level 4. HP: 35/35 MP: 3/5
  1339 | D:2      | Reached skill level 1 in Spellcasting
  1343 | D:2      | Reached XP level 5. HP: 23/41 MP: 6/6
  1664 | D:3      | Noticed a black bear
  1672 | D:3      | Killed a black bear
  1673 | D:3      | Reached XP level 6. HP: 32/48 MP: 6/8
  1933 | D:3      | Reached skill level 5 in Shields
  1934 | D:3      | Killed from afar by an orc priest

Illustrated notes

Levels and vault maps discovered:
D:1:      minmay_arrival_three_doors, layout_rooms
D:2:      layout_basic, grunt_ministairs_11, serial_park_tiny_pond
D:3:      layout_basic

Skill      XL: |  1  2  3  4  5  6 |
---------------+-------------------+-----
Translocations | 1 |  1.8
Evocations     | 1 2 |  2.1
Spellcasting   | 1 |  1.6
Armour         | 4 |  4.2
Axes           | 3 |  3.0
Fighting       | 4 |  4.0
Shields        | 5 |  5.0

Action                     |  1- 3 |  4- 6 || total
---------------------------+-------+-------++-------
  Melee: War axe           |    67 |     8 ||    75
         Battleaxe         |       |   103 ||   103
Ability: Dig               |       |     1 ||     1
 Armour: Scale mail        |    26 |       ||    26
         Plate armour      |     9 |   117 ||   126
  Dodge: Dodged            |    43 |    58 ||   101
  Block: Buckler           |    20 |    44 ||    64
